 Dungeon Crawl Stone Soup version 0.26-a0-651-gb41185065b (webtiles) character file.

Game seed: 1657563272443084212

190 Irenicus the Geomancer (level 5, -1/42 HPs)
             Began as a Deep Dwarf Earth Elementalist on Oct 26, 2020.
             Slain by a worm (3 damage)
             ... while paralysed
             ... on level 2 of the Dungeon.
             The game lasted 00:03:34 (489 turns).

Irenicus the Geomancer (DDEE)                        Turns: 489, Time: 00:03:35

Health: -1/42      AC:  3    Str: 11    XL:     5   Next: 41%
Magic:  2/7        EV:  2    Int: 17    God:
Gold:   64         SH:  0    Dex: 13    Spells: 6/7 levels left

rFire    . . .     SeeInvis .   a - +0 short sword
rCold    . . .     Faith    .   (no shield)
rNeg     . . .     Spirit   .   g - +0 leather armour
rPois    .         Reflect  .   (no helmet)
rElec    .         Harm     .   (no cloak)
rCorr    +         Rampage  .   (no gloves)
MR       .....                  (no boots)
Stlth    ++........             (no amulet)
HPRegen  0.00/turn              d - ring of resist corrosion
MPRegen  0.10/turn              (no ring)

@: paralysed, berserk cooldown, flying, non-regenerating, slowed
A: damage resistance, heal wounds, sense surroundings 1, no regeneration
a: Heal Wounds


You were on level 2 of the Dungeon.
You visited 1 branch of the dungeon, and saw 2 of its levels.

You collected 64 gold pieces.

Inventory:

Hand Weapons
 a - a +0 short sword (weapon)
   (You found it on level 1 of the Dungeon)
Missiles
 b - 27 stones (quivered)
Armour
 g - a +0 leather armour (worn)
   (You found it on level 1 of the Dungeon)
Jewellery
 d - a ring of resist corrosion (left hand)
   (You found it on level 1 of the Dungeon)
Scrolls
 f - 3 scrolls of identify {unknown}
 h - 2 scrolls of enchant weapon {unknown}
 j - a scroll of fear {unknown}
 k - 2 scrolls of blinking {unknown}
 l - a scroll of remove curse {unknown}
Potions
 c - a potion of flight
 e - 2 potions of cancellation
 m - a potion of curing {unknown}


   Skills:
 - Level 2.1 Dodging
 - Level 2.4 Stealth
 - Level 1.7 Spellcasting
   Level 0.8 Transmutations
 + Level 8.2 Earth Magic


You had 6 spell levels left.
You knew the following spells:

 Your Spells              Type           Power        Failure   Level
a - Sandblast             Erth           ####..       1%          1

Your spell library contained the following spells:

 Spells                   Type           Power        Failure   Level
 Passwall                 Tmut/Erth      ###.....     6%          2
 Stone Arrow              Conj/Erth      ###...       14%         3
 Lee's Rapid Deconstruct  Erth           ####......   26%         5
 Petrify                  Tmut/Erth      ###.....     38%         4


Dungeon Overview and Level Annotations

Branches:
Dungeon (2/15)

Altars:
Dithmenos
Qazlal


Innate Abilities, Weirdness & Mutations

You are resistant to damage.
You can heal yourself by infusing magical energy.
You passively map a small area around you.
You do not regenerate.


Message History

Press: ? - help, Shift-Dir - straight line, f/p - adder
Aim: an adder (moderately wounded)
The blast of sand hits the adder!
You kill the adder!
You have reached level 3!
Your experience leads to an increase in your attributes!
Increase (s)trength, (i)ntelligence, or (d)exterity?
You feel clever.
b - 29 stones You are no longer poisoned.
You regained 3 hp, and now have 15/28 hp.
You now have 0/5 mp.
Why would you want to do that? The worm barely misses you.
You see here an adder corpse.
A bat comes into view.
Why would you want to do that? The bat hits you but does no damage. x2
Casting: Sandblast (safe; 2% risk of failure)
Confirm with . or Enter, or press ? or * to list all spells.
Aiming: Sandblast (safe; 2% risk of failure)
Press: ? - help, Shift-Dir - straight line, f - bat
Aim: a bat The blast of sand hits the bat but does no damage.
b - 28 stones The bat hits you.
The bat closely misses you.
Casting: Sandblast (safe; 2% risk of failure)
Confirm with . or Enter, or press ? or * to list all spells.
Aiming: Sandblast (safe; 2% risk of failure)
Press: ? - help, Shift-Dir - straight line, f/p - bat
Aim: a bat The blast of sand hits the bat!
You kill the bat!
b - 27 stones You now have 0/5 mp.
You see here 14 gold pieces.
You now have 64 gold pieces (gained 14).
You see here a scroll labeled POKIGEW SOUME.
f - 3 scrolls labeled POKIGEW SOUME (gained 1)
A giant cockroach comes into view.
Sigmund and a dart slug come into view.
Sigmund is wielding a +0 scythe and carrying a wand of random effects (21).
You aren't carrying any items that you can evoke.
It was a potion of cancellation.
You feel magically purged.
Sigmund points at you and mumbles some strange words.
The puff of flame hits you!
* * * LOW HITPOINT WARNING * * *
You hear a shout!
You take 8 damage, and have 7/28 hp.
MASSIVE DAMAGE!!
It was a potion of flight.
You feel very buoyant.
You fly up into the air.
It was a potion of berserk rage.
A red film seems to cover your vision as you go berserk!
You feel yourself moving faster!
You feel mighty!
A kobold comes into view. It is wielding a +0 short sword.
You now have 10/42 hp.
You feel a strong urge to attack something.
Sigmund closely misses you.
You puncture Sigmund!
Sigmund is moderately wounded.
You barely miss Sigmund.
Sigmund is moderately wounded.
The giant cockroach misses you. Sigmund casts a spell at you.
The magic dart hits you!
* * * LOW HITPOINT WARNING * * *
You take 6 damage, and have 4/42 hp.
You puncture Sigmund!
Sigmund is severely wounded.
The giant cockroach barely misses you. The dart slug bites you.
Okay, then.
You puncture Sigmund!
You kill Sigmund!
Your Earth Magic skill gained 3 levels and is now at level 8!
You have reached level 4!
You feel clever.
You have reached level 5!
The giant cockroach closely misses you.
You regained 3 hp, and now have 7/63 hp.
You puncture the dart slug!
You kill the dart slug!
The kobold barely misses you. The giant cockroach closely misses you.
You closely miss the giant cockroach.
The giant cockroach waves its antennae.
The giant cockroach bites you.
The kobold hits you with a +0 short sword.
* * * LOW HITPOINT WARNING * * *
The worm closely misses you.
You take 3 damage, and have 4/63 hp.
You puncture the giant cockroach!
You kill the giant cockroach!
You are no longer berserk.
You pass out from exhaustion.
You feel yourself slow down. The kobold hits you but does no damage.
The kobold hits you with a +0 short sword.
The worm bites you.
You die...

...., , #... * .# * * # .. ###
* #.#.# #.... #.. , #.#.# , *
#...., ...., #.#.# ,
#..#####.....* #.#.# * ,
..##...,.....####...### ..#..#
##............### ....#
#.....)K@.......### ...#
*........w.......... , ..##
................#* , ..##
*................#*
...#####................# ,
.†......................###...
#.............................
,
.......................##.....
........#......##.........##..
,


You could see a worm and a kobold.

Vanquished Creatures
  Sigmund (D:2)
  2 adders (D:2)
  2 dart slugs
  A leopard gecko (D:1)
  5 bats
  A giant cockroach (D:2)
  A goblin (D:2)
  3 hobgoblins
  2 frilled lizards
  3 rats (D:2)
21 creatures vanquished.

Notes
Turn   | Place    | Note
-------+----------+-------------------------------------------
     0 | D:1      | Irenicus the Deep Dwarf Earth Elementalist began the quest
                  | for the Orb.
     0 | D:1      | Reached XP level 1. HP: 15/15 MP: 3/3
   138 | D:1      | Reached XP level 2. HP: 22/22 MP: 2/4
   314 | D:2      | Reached skill level 5 in Earth Magic
   352 | D:2      | Found a shadowy altar of Dithmenos.
   429 | D:2      | Found a stormy altar of Qazlal.
   435 | D:2      | Reached XP level 3. HP: 15/28 MP: 0/5
   474 | D:2      | Noticed Sigmund
   476 | D:2      | HP: 7/28 [Sigmund/puff of flame (8)]
   481 | D:2      | HP: 4/42 [Sigmund/magic dart (6)]
   483 | D:2      | Killed Sigmund
   483 | D:2      | Reached skill level 8 in Earth Magic
   483 | D:2      | Reached XP level 4. HP: 6/36 MP: 2/6
   483 | D:2      | Reached XP level 5. HP: 7/42 MP: 2/7
   489 | D:2      | Slain by a worm

Illustrated notes

Levels and vault maps discovered:
D:1:      lemuel_arrival_broad_hall, layout_basic
D:2:      layout_rooms, nicolae_dithmenos_through_a_glass_darkly, led_sif_pool,
          serial_bayou_pond_d, nicolae_qazlal_general_emergency, uniq_sigmund

Skill      XL: |  1  2  3 |
---------------+----------+-----
Earth Magic    | 5 8 |  8.2
Dodging        | |  2.1
Stealth        | |  2.4
Spellcasting   | |  1.7
Transmutations | |  0.8

Action                   |  1- 3 |  4- 6 || total
-------------------------+-------+-------++-------
Melee: Short sword       |    34 |     3 ||    37
 Cast: Sandblast         |    19 |       ||    19
 Abil: Heal Wounds       |     1 |       ||     1
  Use: Potion            |     3 |       ||     3
 Stab: Sleeping          |     2 |       ||     2
Armor: Robe              |     4 |       ||     4
       Leather armour    |    19 |       ||    19
Dodge: Dodged            |    54 |     4 ||    58

Table legend: (Time is in decaauts)
 A = Elapsed time spent in this place.
 B = Non-inter-level travel time spent in this place.
 C = Inter-level travel time spent in this place.
 D = Time resting spent in this place.
 E = Time spent auto-exploring this place.
 F = Levels seen in this place.
 G = Mean time per level.
                   A        B        C        D        E       F      G
               +--------+--------+--------+--------+--------+-----+--------+
         Total |    488 |    488 |      0 |      0 |      0 |   2 |  244.0 |
       Dungeon |    488 |    488 |      0 |      0 |      0 |   2 |  244.0 |
               +--------+--------+--------+--------+--------+-----+--------+

Top non-repeatable levels by time:
     D:1: 283 daAuts
     D:2: 204 daAuts

Table legend:
 A = Kills in this place as a percentage of kills in entire the game.
 B = Kills by you in this place as a percentage of kills by you in the entire game.
 C = Kills by friends in this place as a percentage of kills by friends in the entire game.
 D = Other kills in this place as a percentage of other kills in the entire game.
 E = Experience gained in this place as a percentage of experience gained in the entire game.
 F = Experience gained in this place divided by the number of levels of this place that you have seen.
                   A       B       C       D       E      F
               +-------+-------+-------+-------+-------+----------------------
         Total | 100.0 | 100.0 |   N/A |   N/A | 100.0 | 136.0
       Dungeon | 100.0 | 100.0 |   N/A |   N/A | 100.0 | 136.0
               +-------+-------+-------+-------+-------+----------------------
